 Dungeon Crawl Stone Soup version 0.28.0-45-g0d030f2227 (webtiles) character file.

Game seed: 6152779251181253887

578 MisterFreud the Ruffian (level 7, -4/59 HPs)
             Began as a Red Draconian Transmuter on May 19, 2022.
             Was an Initiate of Ru.
             Splashed by a jelly's acid (8 damage)
             ... on level 5 of the Dungeon.
             The game lasted 00:05:00 (5558 turns).

MisterFreud the Ruffian (Red Draconian Transmuter)  Turns: 5558, Time: 00:05:02

Health: -4/59      AC: -2    Str: 12    XL:     7   Next: 13%
Magic:  10/10      EV: 19    Int: 16    God:    Ru [......]
Gold:   233        SH:  0    Dex: 23    Spells: 4/10 levels left

rFire   . . .      SeeInvis .     - Unarmed
rCold   . . .      Faith    .   (shield currently unavailable)
rNeg    . . .      Spirit   .   (armour unavailable)
rPois   x          Reflect  .   (helmet currently unavailable)
rElec   .          Harm     .   (cloak currently unavailable)
rCorr   .          Rampage  .   (gloves currently unavailable)
Will    .....                   (boots currently unavailable)
Stlth   ..........              j - amulet "Qilatil" {RegenMP Dex+7}
HPRegen 0.19/turn               (no ring)
MPRegen 0.52/turn               (no ring)

@: spider-form (expiring), corroded
A: venomous fangs, (breathe fire), AC +6, tiny, unfitting armour, (fire
resistance 1), (cold-blooded), no stealth
a: End Transformation, Renounce Religion


You were on level 5 of the Dungeon.
You worshipped Ru.
Ru was noncommittal.
You were a venomous arachnid creature.
You visited 1 branch of the dungeon, and saw 5 of its levels.

You collected 233 gold pieces.

Inventory:

Missiles
 n - 2 throwing nets
 p - 3 poisoned darts
Armour
 m - a +0 pair of boots (melded)
Jewellery
 j - the amulet "Qilatil" (around neck) {RegenMP Dex+7}
   (You found it on level 3 of the Dungeon)

   [amulet of magic regeneration]

   It increases your rate of magic regeneration.
   Dex:       It affects your dexterity (+7).
 o - a ring of ice
Scrolls
 b - a scroll of holy word
 c - a scroll of immolation
 g - a scroll of magic mapping
Potions
 a - a potion of flight
 d - a potion of heal wounds {unknown}
 e - a potion of cancellation
 f - 2 potions of curing
 k - a potion of haste
 l - 2 potions of might


   Skills:
 - Level 4.0 Fighting
 - Level 1.7 Dodging
 + Level 5.7 Unarmed Combat
 - Level 2.0 Spellcasting
 - Level 5.0 Transmutations


You had 4 spell levels left.
You knew the following spells:

 Your Spells              Type           Power      Damage    Failure   Level
a - Beastly Appendage     Tmut           34%        N/A       10%         1
b - Wereblood             Tmut           17%        N/A       13%         2
c - Spider Form           Tmut/Pois      9%         N/A       43%         3

Your spell library contained the following spells:

 Spells                   Type           Power      Damage    Failure   Level
 Slow                     Hex            4%         N/A       41%         1
 Confusing Touch          Hex            1%         N/A       73%         3
 Vampiric Draining        Necr           1%         2d6       73%         3
 Ice Form                 Ice/Tmut       9%         N/A       78%         4


Dungeon Overview and Level Annotations

Branches:
Dungeon (5/15)             Temple (0/1) D:5

Altars:
Ashenzari
Dithmenos
Gozag
Qazlal
Ru
Sif Muna
Trog
Uskayaw
Wu Jian
Yredelemnul


Innate Abilities, Weirdness & Mutations

You are a venomous arachnid creature.
You have poisonous fangs.
You are tiny and dextrous.
Your spellcasting is less reliable in this form.
Your armour is entirely melded.
You are incapable of wielding weapons or throwing items.
((You can breathe blasts of fire.))
((Your fiery red scales are hard. (AC +6)))
You cannot fit into any form of body armour.
((Your flesh is heat resistant. (rF+)))
((You are cold-blooded and may be slowed by cold attacks.))
You cannot be stealthy.


Message History

An orc wizard comes into view. It is wielding a +0 dagger.
Unknown command.
Your transformation is almost over.
The orc wizard mumbles some strange words.
The orc wizard flickers and vanishes!
Deactivating autopickup; reactivate with Ctrl-A.
You hit the orc.
The orc is poisoned.
The orc is almost dead.
You kill the orc!
You hit the orc.
The orc is heavily wounded.
The orc closely misses you.
You hit the orc but do no damage.
The orc is poisoned.
The orc is heavily wounded.
The jelly jiggles.
You bite the orc!
You kill the orc!
The orc hits you with a +0 short sword.
The orc wizard casts a spell.
The orc wizard flickers and vanishes!
Something hits you. The jelly hits you. The acid corrodes you!
You are splashed with acid!
You hit the orc but do no damage.
The orc is poisoned.
Something barely misses you. The jelly hits you.
You are splashed with acid!
You closely miss something.
You hear some strange, mumbled words.
A puff of flame appears from out of thin air!
The puff of flame hits you! The jelly closely misses you.
You hit something.
You hear some strange, mumbled words.
A puff of flame appears from out of thin air!
The puff of flame hits you!
* * * LOW HITPOINT WARNING * * *
You hear some strange, mumbled words.
A magic dart appears from out of thin air!
The magic dart hits you!
* * * LOW HITPOINT WARNING * * *
The jelly hits you.
* * * LOW HITPOINT WARNING * * *
You are splashed with acid!
You die...

.#...>.
.......
.#.....
.......
.#.#.#.
##.......
#)J...#
#s{o..#
#.{.....#
#.....#.#
#...$.#
#######


You could see a jelly and an orc (very poisoned).

Vanquished Creatures
  Sigmund (D:4)
  A necrophage (D:4)
  A kobold brigand (D:4)
  A jelly (D:4)
  A bullfrog skeleton (D:4)
  2 orc wizards (D:3)
  2 hound skeletons (D:4)
  5 adders
  An ufetubus (D:4)
  An adder skeleton (D:4)
  10 dart slugs
  5 orcs
  2 bats
  7 endoplasms
  4 giant cockroaches
  8 goblins
  3 hobgoblins
  A jackal (D:1)
  2 quokkas
  5 ball pythons
  3 frilled lizards
  5 kobolds
  A quokka skeleton (D:4)
  3 rats (D:2)
75 creatures vanquished.

Notes
Turn   | Place    | Note
-------+----------+-------------------------------------------
     0 | D:1      | MisterFreud the Draconian Transmuter began the quest for
                  | the Orb.
     0 | D:1      | Reached XP level 1. HP: 16/16 MP: 3/3
   394 | D:1      | Reached XP level 2. HP: 13/23 MP: 3/5
   887 | D:1      | Found a faded altar of an unknown god.
  1510 | D:2      | Reached XP level 3. HP: 26/28 MP: 4/6
  2671 | D:2      | Learned a level 2 spell: Wereblood
  2675 | D:2      | Learned a level 3 spell: Spider Form
  2891 | D:3      | Reached XP level 4. HP: 35/35 MP: 5/7
  3155 | D:3      | Identified the amulet "Qilatil" {RegenMP Dex+7}
  3492 | D:3      | Found a broken altar of Ashenzari.
  3500 | D:3      | Found a bloodstained altar of Trog.
  3503 | D:3      | Found a shimmering blue altar of Sif Muna.
  3506 | D:3      | Found a basalt altar of Yredelemnul.
  3507 | D:3      | Found a shadowy altar of Dithmenos.
  3510 | D:3      | Found a hide-covered altar of Uskayaw.
  3511 | D:3      | Found a stormy altar of Qazlal.
  3514 | D:3      | Found a sacrificial altar of Ru.
  3516 | D:3      | Found an opulent altar of Gozag.
  3519 | D:3      | Found an ornate altar of the Wu Jian Council.
  3523 | D:3      | Became a worshipper of Ru the Awakened
  4128 | D:3      | Reached skill level 5 in Transmutations
  4131 | D:3      | Reached XP level 5. HP: 23/42 MP: 8/8
  4614 | D:4      | Noticed a necrophage
  4637 | D:4      | Killed a necrophage
  4638 | D:4      | Reached XP level 6. HP: 23/52 MP: 9/9
  5391 | D:4      | Noticed Sigmund
  5408 | D:4      | Killed Sigmund
  5409 | D:4      | Reached skill level 5 in Unarmed Combat
  5409 | D:4      | Your scales start taking on a fiery red colour.
  5409 | D:4      | Reached XP level 7. HP: 57/59 MP: 10/10
  5409 | D:4      | Gained mutation: Your flesh is heat resistant. (rF+) [Red
                  | Draconian growth]
  5423 | D:4      | Gained mutation: You cannot be stealthy. [Ru sacrifice]
  5549 | D:5      | Entered Level 5 of the Dungeon
  5549 | D:5      | Found a staircase to the Ecumenical Temple.
  5558 | D:5      | Splashed by a jelly's acid

Illustrated notes

Levels and vault maps discovered:
D:1:      tarquinn_simple_flora_water_a, layout_basic,
          hellmonk_ecumenical_altar_zigzags, minmay_hedge_maze,
          roderic_roman_lattice, minmay_3d_cube
D:2:      layout_basic
D:3:      kennysheep_slugbush, layout_loops_corners,
          nicolae_overflow_hallway_of_the_gods
D:4:      kennysheep_spiral_hall, layout_cave_pools, uniq_sigmund
D:5:      layout_loops_ring, grunt_temple_overflow_growth_and_decay,
          mainiacjoe_overflow_surrounded_room, minmay_temple_entry_glass,
          minmay_misc_feat_chi, minmay_crystal_water, grunt_decor_arrowhead

Skill      XL: |  1  2  3  4  5  6 |
---------------+-------------------+-----
Transmutations | 3 4 5 |  5.0
Fighting       | 2 4 |  4.0
Unarmed Combat | 5 |  5.7
Dodging        | |  1.7
Spellcasting   | |  2.0

Action                   |  1- 3 |  4- 6 |  7- 9 || total
-------------------------+-------+-------+-------++-------
Melee: Unarmed           |    97 |   152 |     7 ||   256
       Kick              |    12 |    15 |       ||    27
       Tailslap          |     9 |    17 |       ||    26
       Headbutt          |     6 |     9 |       ||    15
 Cast: Beastly Appendage |    22 |    11 |       ||    33
       Spider Form       |       |     5 |     1 ||     6
Invok: Sacrifice Stealth |       |       |     1 ||     1
  Use: Scroll            |       |     9 |       ||     9
       Potion            |       |     1 |       ||     1
 Stab: Sleeping          |     1 |       |       ||     1
Armor: Skin              |    27 |    25 |       ||    52
Dodge: Dodged            |    40 |    72 |     3 ||   115
